 Dungeon Crawl Stone Soup version 0.29-a0-359-g541a27f54d (webtiles) character file.

Game seed: 15141018818494099421

49 spiderkeys the Skirmisher (level 3, -9/33 HPs)
             Began as a Ghoul Abyssal Knight on Apr 28, 2022.
             Was a Believer of Lugonu.
             Mangled by a gnoll
             ... wielding a +0 flail
              (10 damage)
             ... on level 2 of the Dungeon.
             The game lasted 00:00:56 (1079 turns).

spiderkeys the Skirmisher (Ghoul Abyssal Knight)    Turns: 1079, Time: 00:00:57

Health: -9/33      AC:  4    Str: 18    XL:     3   Next: 77%
Magic:  3/3        EV:  9    Int:  5    God:    Lugonu [**....]
Gold:   42         SH:  6    Dex:  9    Spells: 2/2 levels left

rFire   . . .      SeeInvis .   f - +3 hand axe
rCold   + . .      Faith    .   m - +0 kite shield
rNeg    + + +      Spirit   .   b - +0 leather armour
rPois   ∞          Reflect  .   j - +0 helmet
rElec   .          Harm     .   (no cloak)
rCorr   .          Rampage  .   (no gloves)
Will    .....                   (no boots)
Stlth   +.........              (no amulet)
HPRegen 0.00/turn               (no ring)
MPRegen 0.08/turn               (no ring)

@: inhibited regen
A: claws 1, cold resistance 1, negative energy resistance 3, inhibited
regeneration, torment resistance 2, devour on kill
a: Renounce Religion, Depart the Abyss, Bend Space


You were on level 2 of the Dungeon.
You worshipped Lugonu.
Lugonu was pleased with you.
You visited 1 branch of the dungeon, and saw 2 of its levels.
You visited the Abyss 1 time.

You collected 42 gold pieces.


Innate Abilities, Weirdness & Mutations

You are immune to poison.
You have sharp fingernails.
Your flesh is cold resistant. (rC+)
You are immune to negative energy. (rN+++)
You do not regenerate when monsters are visible.
You are immune to unholy pain and torment.
You thrive by killing the living.


   Skills:
 + Level 3.7 Fighting
 + Level 2.2 Axes
 + Level 2.2 Armour
 - Level 1.0 Dodging
 + Level 0.8 Shields
 + Level 2.5 Invocations


You had 2 spell levels left.
You didn't know any spells.
Your spell library contained the following spells:

 Spells                   Type           Power      Damage    Failure   Level
 Blink                    Tloc           0%         N/A       98%         2
 Dazzling Flash           Conj/Hex       0%         N/A       100%        3
 Iskenderun's Mystic Bla  Conj/Tloc      0%         2d3       100%        4
 Manifold Assault         Tloc           0%         N/A       100%        5
 Starburst                Conj/Fire      0%         6d3       100%        6
 Storm Form               Tmut/Air       Unusable   N/A       N/A         7

Inventory:

Hand Weapons
 a - a +1 hand axe
 f - a +3 hand axe (weapon)
   (You found it on level 1 of the Dungeon)
Missiles
 c - 27 stones
Armour
 b - a +0 leather armour (worn)
 d - a +0 robe
   (You found it on level 1 of the Dungeon)
 e - a +0 robe
   (You found it on level 1 of the Dungeon)
 j - a +0 helmet (worn)
   (You found it on level 1 of the Dungeon)
 l - a +0 robe
   (You found it on level 1 of the Dungeon)
 m - a +0 kite shield (worn)
   (You found it on level 1 of the Dungeon)
Jewellery
 F - a ring of fire
   (You found it on level 1 of the Dungeon)
Scrolls
 g - a scroll of blinking {unknown}
 i - a scroll of enchant weapon {unknown}
 k - a scroll of immolation {unknown}
 n - a scroll of vulnerability {unknown}
 o - 2 scrolls of noise {unknown}
Potions
 h - 2 potions of heal wounds {@q2}

Dungeon Overview and Level Annotations

Branches:
Dungeon (2/15)

Altars:

#####
.######<#.######
................ #
.######.##########.#
#............##
########......#
.........###.##
########..# #
......g@..#
########.......
########


You could see a gnoll.


Message History

There is a stone staircase leading down here.
A kobold comes into view. It is wielding a +0 dagger.
The kobold shouts! 😎 HP[+1]
Your hp is fully restored (26).
You block the kobold's attack.
You barely miss the kobold.
The kobold hits you with a +0 dagger. 😕 HP[-1]
You take 1 damage, and now have 25/26 hp.
You closely miss the kobold.
The kobold hits you with a +0 dagger. 😕 HP[-1]
You take 1 damage, and now have 24/26 hp.
You hit the kobold.
You kill the kobold!
Lugonu accepts your kill. 😕 HP[+1] No target in view!
No target in view!
No target in view!
c - 27 stones (gained 3)
Things that are here:
a +0 dagger; a kobold corpse 😎 HP[+1]
Your hp is fully restored (26).
Done exploring.
Done exploring.
Done exploring.
No target in view!
There is a stone staircase leading down here.
You climb downwards.
There is a stone staircase leading up here. 3 gnolls come into view.
The gnoll shouts! x3; You hear a shout!
There are monsters nearby!
A gnoll comes into view. It is wielding a +0 flail.
The gnoll shouts!
You hit the gnoll. The gnoll barely misses you.
You slash the gnoll! You block the gnoll's attack.
You hit the gnoll but do no damage. The gnoll barely misses you.
The gnoll hits you with a +0 club. 😕 HP[-3]
You take 3 damage, and now have 23/26 hp.
You barely miss the gnoll.
The gnoll hits you with a +0 club. 😕 HP[-3]
You take 3 damage, and now have 20/26 hp.
You slash the gnoll!
You kill the gnoll!
Lugonu accepts your kill.
You have reached level 3!
Your experience leads to an increase in your attributes!
Increase (S)trength, (I)ntelligence, or (D)exterity?
You feel stronger. x2 😕 HP[+4] MP[+1]
You now have 31 max hp (+5).
You regained 4 hp, and now have 24/31 hp.
Your mp is fully restored (3).
You slash the gnoll! The gnoll barely misses you. You block the gnoll's attack.
You slash the gnoll!
You kill the gnoll!
Lugonu accepts your kill.
You barely miss the gnoll. The gnoll hits you with a +0 flail.
The gnoll closely misses you. 😮 HP[-4]
You take 4 damage, and now have 20/31 hp.
You completely miss the gnoll. The gnoll misses you.
You hit the gnoll.
The gnoll hits you with a +0 flail. 😮 HP[-1]
You take 1 damage, and now have 19/31 hp.
You barely miss the gnoll. The gnoll barely misses you.
The gnoll hits you but does no damage.
You hit the gnoll but do no damage.
The gnoll hits you with a +0 flail. 😮 HP[-1]
You take 1 damage, and now have 18/31 hp.
You hit the gnoll. You block the gnoll's attack. x2
You barely miss the gnoll. The gnoll hits you with a +0 flail.
* * * LOW HITPOINT WARNING * * *
😨 HP[-6]
You take 6 damage, and now have 12/31 hp.
You hit the gnoll. You block the gnoll's attack.
You slash the gnoll!
You kill the gnoll!
Lugonu accepts your kill. The gnoll hits you with a +0 flail.
* * * LOW HITPOINT WARNING * * *
😱 HP[-5]
You now have 33 max hp (+2).
You take 5 damage, and now have 7/33 hp.
You hit the gnoll. The gnoll hits you but does no damage.
You hit the gnoll. The gnoll closely misses you.
The gnoll hits you with a +0 flail.
* * * LOW HITPOINT WARNING * * *
😱 HP[-3]
You take 3 damage, and now have 4/33 hp.
You barely miss the gnoll. You block the gnoll's attack.
You barely miss the gnoll. The gnoll hits you with a +0 flail.
* * * LOW HITPOINT WARNING * * *
😱 HP[-3]
You take 3 damage, and now have 1/33 hp.
You barely miss the gnoll. The gnoll hits you with a +0 flail!
You die...

Skill      XL: |  1 |
---------------+----+-----
Dodging        | 1 |  1.0
Axes           | 2 |  2.2
Armour         | 2 |  2.2
Fighting       | |  3.7
Shields        | |  0.8
Invocations    | |  2.5

Action                   || total
-------------------------++-------
Melee: Hand axe          ||    59
       Punch             ||     1
Armor: Leather armour    ||    11
Dodge: Dodged            ||    26
Block: Kite shield       ||    13

Levels and vault maps discovered:
D:1:      wander_arrival_fairy_ring, layout_basic, minmay_pentomino_r2
D:2:      layout_basic, serial_curves, eino_curves_03, eino_curves_01

Notes
Turn   | Place    | Note
-------+----------+-------------------------------------------
     0 | Abyss:1  | spiderkeys the Ghoul Abyssal Knight began the quest for the
                  | Orb.
     0 | Abyss:1  | Reached XP level 1. HP: 19/19 MP: 1/1
     0 | Abyss:1  | magus.rc [v1.11.3]
     0 | Abyss:1  | Found a corrupted altar of Lugonu.
    10 | D:1      | You pass through the gate.
    10 | D:1      | Escaped the Abyss
   158 | D:1      | Reached skill level 1 in Dodging
   399 | D:1      | You add the spells Blink and Manifold Assault to your
                  | library.
   408 | D:1      | You pick up a book of Spectacle and begin reading...
   408 | D:1      | You add the spells Dazzling Flash, Iskenderun's Mystic
                  | Blast and Starburst to your library.
   450 | D:1      | Reached skill level 2 in Axes
   450 | D:1      | Reached skill level 2 in Armour
   450 | D:1      | Reached XP level 2. HP: 26/26 MP: 2/2
  1064 | D:2      | Reached XP level 3. HP: 24/31 MP: 3/3
  1074 | D:2      | HP: 7/31 [gnoll/+0 flail (5)]
  1078 | D:2      | HP: 1/33 [gnoll/+0 flail (3)]
  1079 | D:2      | Mangled by a gnoll

Vanquished Creatures
  3 gnolls (D:2)
  2 dart slugs (D:1)
  A bat (D:1)
  A hobgoblin (D:1)
  2 ball pythons (D:1)
  A frilled lizard (D:1)
  6 kobolds (D:1)
  2 rats (D:1)
18 creatures vanquished.

Table legend:
 A = Non-vault XP
 B = Vault XP
 C = Vault XP percentage of total XP
 D = Non-vault monster count
 E = Vault monster count
 F = Vault count percentage of total count
                 A         B        C        D         E       F
            +---------+---------+-------+---------+---------+-------
      Total |      67 |       4 |   5.6 |      16 |       2 |  11.1
            +---------+---------+-------+---------+---------+-------
        D:1 |      24 |       4 |  14.3 |      13 |       2 |  13.3
        D:2 |      43 |       0 |   0.0 |       3 |       0 |   0.0
            +---------+---------+-------+---------+---------+-------

Illustrated notes

Table legend:
 A = Kills in this place as a percentage of kills in entire the game.
 B = Kills by you in this place as a percentage of kills by you in the entire game.
 C = Kills by friends in this place as a percentage of kills by friends in the entire game.
 D = Other kills in this place as a percentage of other kills in the entire game.
 E = Experience gained in this place as a percentage of experience gained in the entire game.
 F = Experience gained in this place divided by the number of levels of this place that you have seen.
                   A       B       C       D       E      F
               +-------+-------+-------+-------+-------+----------------------
         Total | 100.0 | 100.0 |   N/A |   N/A | 100.0 |  23.7
       Dungeon | 100.0 | 100.0 |   N/A |   N/A | 100.0 |  35.5
               +-------+-------+-------+-------+-------+----------------------

Table legend: (Time is in decaauts)
 A = Elapsed time spent in this place.
 B = Non-inter-level travel time spent in this place.
 C = Inter-level travel time spent in this place.
 D = Time resting spent in this place.
 E = Time spent auto-exploring this place.
 F = Levels seen in this place.
 G = Mean time per level.
                   A        B        C        D        E       F      G
               +--------+--------+--------+--------+--------+-----+--------+
         Total |   1097 |   1058 |     39 |      0 |    893 |   3 |  365.7 |
       Dungeon |   1087 |   1048 |     39 |      0 |    893 |   2 |  543.5 |
         Abyss |     10 |     10 |      0 |      0 |      0 |   1 |   10.0 |
               +--------+--------+--------+--------+--------+-----+--------+

Top non-repeatable levels by time:
     D:1: 1045 daAuts
     D:2: 42 daAuts
 Abyss:1: 10 daAuts
